AoeStats
← CocoVasile

Arena

506043056Analyzed
1v1 RM · 21d ago on Sep 12, 2026· 48m 5s· 2 players
Game mode
Random Map
Map size
Tiny (2 player)
Population
200
Speed
Normal
Resources
Standard
Victory
Conquest
Starting age
Dark Age
Ending age
Imperial Age
RankedLock teamsTeams togetherTeam positionsShared explorationLock speedFull tech treeHidden civsTurbo modeCheats
Victory
Defeat
🇹🇼 Koreans · Taiwan
930
+16
🇺🇸 Inca · United States
920
-16
CocoVasile
9:32 Feudal Age
10:24 Double-Bit Axe
10:51 Loom
11:29 Horse Collar
11:44 Gold Mining
13:04 Stone Mining
14:27 Champi Runner
14:53 Arson
17:29 Wheelbarrow
22:15 Castle Age
22:50 Forging
22:41 Scale Mail Armor
22:26 Pikeman
25:29 Squires
27:13 Fletching
27:10 Champi Warrior
28:04 Heavy Plow
30:29 Hand Cart
30:53 Bow Saw
37:18 Imperial Age
35:49 Iron Casting
35:35 Thumb Ring
37:52 Bodkin Arrow
37:58 Padded Archer Armor
38:13 Chain Mail Armor
39:55 Conscription
40:32 Onager
44:08 Plate Mail Armor
44:38 Blast Furnace
43:33 Halberdier
45:47 Elite Champi Warrior
47:18 Bracer
47:34 Leather Archer Armor
牛。魔王
12:05 Feudal Age
12:58 Double-Bit Axe
13:19 Horse Collar
16:05 Wheelbarrow
18:29 Castle Age
22:16 Bow Saw
24:11 Man-at-Arms
28:42 Hand Cart
28:13 Town Watch
28:14 Loom
29:01 Fletching
29:51 Heavy Plow
30:30 Bodkin Arrow
31:36 Town Patrol
35:44 Imperial Age
33:55 Husbandry
34:27 Eupseong
35:05 Scale Mail Armor
35:18 Forging
35:18 Thumb Ring
36:04 Capped Ram
36:11 Long Swordsman
36:39 Gambesons
36:55 Squires
37:34 Iron Casting
37:14 Chain Mail Armor
37:05 Stone Mining
37:08 Gold Mining
38:54 Bracer
40:00 Chemistry
42:44 Two-Man Saw
42:26 Gold Shaft Mining
42:27 Stone Shaft Mining
43:58 Ballistics
43:43 Siege Engineers
43:49 Masonry
43:51 Arrowslits
44:19 Fortified Wall
43:50 Treadmill Crane
44:39 Elite War Wagon
45:41 Conscription
Connection lost

Rejoining the realm…

Still unreachable

The connection could not be restored.

Session expired

The server has moved on; the page needs a fresh start.